 Dungeon Crawl Stone Soup version 0.22.1-1-ga44c0e5 (webtiles) character file.

557 aMcNicky the Cleaver (level 7, -3/61 HPs)
             Began as a Hill Orc Fighter on Oct 3, 2018.
             Slain by a slave (5 damage)
             ... led by Pikel
             ... on level 4 of the Dungeon.
             The game lasted 00:08:10 (4597 turns).

aMcNicky the Cleaver (Hill Orc Fighter)             Turns: 4597, Time: 00:08:11

Health: -3/61      AC:  9    Str: 21    XL:     7   Next: 30%
Magic:  7/7        EV:  7    Int:  8    God:
Gold:   231        SH:  9    Dex: 10    Spells: 6/6 levels left

rFire    . . .     SeeInvis .   a - +0 war axe
rCold    + . .     Gourm    .   c - +0 shield
rNeg     . . .     Faith    .   j - +0 scale mail
rPois    .         Spirit   .   (no helmet)
rElec    .         Reflect  .   e - +0 cloak
rCorr    .         Harm     .   (no gloves)
MR       .....                  b - +0 pair of boots
Stlth    ..........             (no amulet)
HPRegen  0.20/turn              n - ring of protection from cold
MPRegen  0.10/turn              (no ring)

@: no status effects
A: no striking features
a: no special abilities


You were on level 4 of the Dungeon.
You were not hungry.

You visited 1 branch of the dungeon, and saw 4 of its levels.

You collected 231 gold pieces.

Inventory:

Hand Weapons
 a - a +0 war axe (weapon)
Missiles
 i - 100 stones (quivered)
Armour
 b - a +0 pair of boots (worn)
 c - a +0 shield (worn)
 e - a +0 cloak (worn)
 j - a +0 scale mail (worn)
Jewellery
 n - a ring of protection from cold (left hand)
Wands
 o - a wand of digging (13)
Scrolls
 k - a scroll of remove curse {@r2}
 l - a scroll of enchant weapon
Potions
 d - a potion of might
Comestibles
 f - 3 rations


   Skills:
 + Level 5.1 Fighting
 * Level 8.4 Axes
 + Level 4.7 Armour
 - Level 3.2 Shields


You had 6 spell levels left.
You didn't know any spells.
Your spell library was empty.

Dungeon Overview and Level Annotations

Branches:
Dungeon (4/15)
 Temple: D:4-7

Altars:
Fedhas
Ru
Sif Muna
Vehumet

Annotations:
D:3 3 runed doors, Iscandelvey's ghost, amateur DgCj
D:4 Pikel


Message History

You are electrocuted!
You block the slave's attack. The slave hits you.
Pikel hits you but does no damage.
The frilled lizard unfolds its giant frill.
You closely miss Pikel.
Pikel is lightly wounded.
You closely miss the slave. You hit the slave. You closely miss the slave.
The slave barely misses you. The slave hits you! The slave hits you.
Pikel hits you but does no damage.
You are electrocuted!
* * * LOW HITPOINT WARNING * * *
You block the slave's attack.
You barely miss Pikel.
Pikel is lightly wounded.
You miss the slave.
You hit the slave. x2; You block the slave's attack.
The slave hits you.
* * * LOW HITPOINT WARNING * * *
Pikel hits you with a whip of electrocution.
* * * LOW HITPOINT WARNING * * *
You block the slave's attack. The slave hits you.
You die...

.# .... #. # ####..
######. #.#..#.#
#....#. #.#..#.####
##.##.#. ..p.......
....... # #Kp...#
#.##.#.
#.l#.##..#######.##.#.
#..pp@................
##.#.#...#######.##8##
#.#.##.## #.#### #
....... #...#
###.#.### ##### ..(.<.
###.#.# #>#


You could see Pikel, 3 slaves and a frilled lizard.

Vanquished Creatures
  Grinder (D:3)
  An orc priest (D:4)
  2 orc wizards (D:3)
  An iguana (D:4)
  2 worker ants (D:4)
  7 adders
  4 gnolls (D:3)
  2 oozes (D:1)
  6 dart slugs
  3 leopard geckos (D:3)
  8 orcs
  2 giant cockroaches
  6 goblins
  7 hobgoblins
  2 jackals (D:1)
  11 kobolds
  A quokka (D:3)
  4 bats
  8 frilled lizards
  A leopard gecko skeleton (D:3)
  A quokka skeleton (D:4)
  13 rats
93 creatures vanquished.

Notes
Turn   | Place    | Note
-------+----------+-------------------------------------------
     0 | D:1      | aMcNicky the Hill Orc Fighter began the quest for the Orb.
     0 | D:1      | Reached XP level 1. HP: 19/19 MP: 1/1
    54 | D:1      | Reached skill level 3 in Axes
   424 | D:1      | Reached XP level 2. HP: 26/26 MP: 2/2
   557 | D:1      | Reached skill level 4 in Axes
   675 | D:1      | Reached XP level 3. HP: 31/31 MP: 3/3
   917 | D:1      | Reached skill level 5 in Axes
  1617 | D:2      | Reached XP level 4. HP: 33/39 MP: 4/4
  1716 | D:2      | Reached skill level 6 in Axes
  2264 | D:3      | Reached XP level 5. HP: 43/46 MP: 5/5
  2272 | D:3      | Found a runed gate.
  2272 | D:3      | Found a runed gate.
  2272 | D:3      | Found a runed gate.
  2302 | D:3      | Found a radiant altar of Vehumet.
  2739 | D:3      | Found a deep blue altar of Sif Muna.
  2746 | D:3      | Reached skill level 7 in Axes
  2755 | D:3      | Found a sacrificial altar of Ru.
  2768 | D:3      | Found a blossoming altar of Fedhas.
  2979 | D:3      | Noticed Iscandelvey's ghost (amateur DgCj)
  3067 | D:3      | Noticed Grinder
  3097 | D:3      | Paralysed by Grinder for 7 turns
  3111 | D:3      | Killed Grinder
  3111 | D:3      | Reached XP level 6. HP: 4/55 MP: 6/6
  4062 | D:3      | Reached skill level 8 in Axes
  4062 | D:3      | Reached XP level 7. HP: 56/60 MP: 7/7
  4096 | D:4      | Reached skill level 5 in Fighting
  4305 | D:4      | Noticed Pikel
  4596 | D:4      | HP: 2/61 [Pikel/whip of electrocution (4)]
  4597 | D:4      | Slain by a slave

Skill      XL: |  1  2  3  4  5  6  7 |
---------------+----------------------+-----
Axes           | 3 4 5 6 7 8 |  8.4
Fighting       | 4 5 |  5.1
Armour         | 4 |  4.7
Shields        | |  3.2

Action                   |  1- 3 |  4- 6 |  7- 9 || total
-------------------------+-------+-------+-------++-------
Melee: War axe           |    99 |   154 |    53 ||   306
Throw: Stone             |       |     9 |       ||     9
  Use: Potion            |       |     2 |     1 ||     3
       Scroll            |       |     4 |     1 ||     5
  Eat: Chunk             |     2 |     5 |     1 ||     8
       Ration            |       |     1 |     1 ||     2
Armor: Scale mail        |    30 |    67 |    27 ||   124
Dodge: Dodged            |    28 |    42 |    16 ||    86
Block: Shield            |    46 |    87 |    37 ||   170
